 Dungeon Crawl Stone Soup version 0.19-a0-713-g934ebc7 (webtiles) character file.

96264 Duffy the Fencer (level 15, -5/145 HPs)
             Began as a Minotaur Monk on June 20, 2016.
             Was the Champion of Cheibriados.
             Slain by a lindwurm (8 damage)
             ... summoned by Kirke
             ... on level 15 of the Dungeon.
             The game lasted 00:37:36 (26957 turns).

Duffy the Fencer (Minotaur Monk)                   Turns: 26957, Time: 00:37:37

Health: -5/145     AC:  0    Str: 32    XL:     15   Next: 68%
Magic:  21/21      EV: 30    Int: 25    God:    Cheibriados [******]
Gold:   1302       SH:  3    Dex: 30    Spells: 0 memorised, 14 levels left

rFire  . . .     SeeInvis .     (weapon currently unavailable)
rCold  . . .     Gourm    .     (armour currently unavailable)
rNeg   . . .     Faith    .     (shield currently unavailable)
rPois  .         Spirit   .     (helmet currently unavailable)
rElec  .         Dismiss  .     (cloak currently unavailable)
rCorr  .         Reflect  +     (gloves currently unavailable)
SustAt .         Harm     .     (boots currently unavailable)
MR     +....                    A - +3 amulet of reflection
Stlth  +.........               (ring currently unavailable)
                                (ring currently unavailable)

@: pig-form, slowed, glowing, very slow, somewhat resistant to hostile
enchantments, very unstealthy
A: (retaliatory headbutt), (horns 0)
a: Bend Time, Temporal Distortion, Slouch, Step From Time, Renounce Religion


You were on level 15 of the Dungeon.
You worshipped Cheibriados.
Cheibriados was exalted by your worship.
You were not hungry.
You were a filthy swine.
You visited 3 branches of the dungeon, and saw 23 of its levels.

You collected 2852 gold pieces.
You spent 1550 gold pieces at shops.


Innate Abilities, Weirdness & Mutations

((You reflexively headbutt those who attack you in melee.))
((You have a pair of horns on your head.))


   Skills:
 - Level 16.5 Fighting
 - Level 18.0 Long Blades
 + Level 11.0 Armour
 + Level 12.6 Dodging
 - Level 1.5 Stealth
 - Level 10.0 Invocations
 - Level 7.0 Evocations


You had 14 spell levels left.
You didn't know any spells.

Inventory:

Hand Weapons
 a - a +2 great sword of protection (melded)
 b - a +2 scimitar of flaming
 R - a +0 blowgun
Missiles
 h - 3 throwing nets
 q - 4 curare-tipped needles
 F - 34 tomahawks (quivered)
Armour
 e - a +0 hat (melded)
 i - a +0 pair of gloves (melded)
 B - a +2 cloak (melded)
 E - a +1 plate armour of fire resistance (melded)
 H - a +0 pair of boots (melded)
 P - the +18 shield of the Gong {rElec rN+ MR+ EV-5}

   It affects your evasion (-5).
   It insulates you from electricity.
   It protects you from negative energy.
   It affects your resistance to hostile enchantments.
Jewellery
 f - a ring of poison resistance (melded)
 o - a +3 ring of strength
 y - a +3 amulet of reflection
 A - a +3 amulet of reflection (around neck)
 M - an uncursed ring of fire
 S - a +3 ring of protection (melded)
 X - an uncursed ring of protection from cold
Wands
 p - a wand of disintegration (7/24)
 v - a wand of paralysis (9/24)
 I - a wand of heal wounds (7/9)
 N - a wand of acid (11/15)
 O - a wand of iceblast (3/15)
Scrolls
 j - 5 scrolls of enchant weapon
 l - 8 scrolls of enchant armour
 m - 11 scrolls of remove curse
 s - 2 scrolls of teleportation
 C - a scroll of fog
 D - a scroll of vulnerability
 J - 5 scrolls of recharging
 Q - a scroll of magic mapping
 U - 2 scrolls of summoning
 V - 4 scrolls of fear
 W - a scroll of blinking
Potions
 g - 4 potions of ambrosia
 n - 7 potions of curing
 t - 4 potions of heal wounds
 w - a potion of beneficial mutation {unknown}
 x - 3 potions of resistance
 G - 4 potions of agility
 K - 3 potions of might
 L - a potion of magic
 Y - 2 potions of invisibility
Miscellaneous
 k - a phantom mirror
 T - a lamp of fire
Comestibles
 c - 9 bread rations
 d - 15 meat rations
 r - 20 slices of pizza
 u - 11 fruits
 z - 7 beef jerkies
 Z - 13 royal jellies

Dungeon Overview and Level Annotations

Branches:
Dungeon (15/15)            Temple (0/1) D:5            Lair (6/6) D:11
  Swamp (0/4) Lair:3       Spider (0/4) Lair:4        Slime (0/5) Lair:6
    Orc (2/2) D:11            Elf (0/3) Orc:2        Vaults (0/5) D:14
 Depths: D:15

Altars:
Ashenzari
Cheibriados
Dithmenos
Elyvilon
Fedhas
Kikubaaqudgha
Okawaru
Pakellas
Ru
Sif Muna
Trog
Uskayaw
Vehumet
The Shining One
Beogh
Jiyva

Shops:
Orc:1 ?   Orc:2 (:!(

Annotations:
D:15 Kirke
Lair:6 exclusion: door


Message History

The harpy completely misses you. The harpy misses you. Kirke hits you!
The lindwurm breathes flames at you. The blast of flame hits you!
Kirke completely misses you.
You are too injured to fight recklessly!
You are too injured to fight recklessly!
You are too injured to fight recklessly!
You are too injured to fight recklessly!
You are too injured to fight recklessly!
You are too injured to fight recklessly!
You are too injured to fight recklessly!
You are too injured to fight recklessly!
You are too injured to fight recklessly!
You are too injured to fight recklessly!
You are too injured to fight recklessly!
You are too injured to fight recklessly!
You are too injured to fight recklessly!
You are too injured to fight recklessly!
You are too injured to fight recklessly!
You are too injured to fight recklessly!
You are too injured to fight recklessly!
You are too injured to fight recklessly!
You are too injured to fight recklessly!
You are too injured to fight recklessly!
You are too injured to fight recklessly!
You are too injured to fight recklessly!
You are too injured to fight recklessly!
You are too injured to fight recklessly!
You are too injured to fight recklessly!
You are too injured to fight recklessly!
You are too injured to fight recklessly!
You are too injured to fight recklessly!
You are too injured to fight recklessly!
You are too injured to fight recklessly!
You are too injured to fight recklessly!
You are too injured to fight recklessly!
You are too injured to fight recklessly!
You are too injured to fight recklessly!
You are too injured to fight recklessly!
You are too injured to fight recklessly!
You are too injured to fight recklessly!
The harpy closely misses you. The harpy claws you.
The harpy completely misses you. x3; You block the harpy's attack.
The harpy completely misses you. The harpy claws you! The harpy claws you!!
The harpy misses you. Kirke gestures at you while chanting.
You are outlined in light.
Kirke closely misses you. The harpy barely misses you.
The harpy completely misses you. The harpy barely misses you.
The harpy completely misses you. The lindwurm bites you!
You die...

.............##..............
................#.#.#.#.#.#.##
......)......................
..##########'#....}.....}..
..#..........#......._.....
..#...............}.....}.
..#.....................
..#......%.(...H#k#.#.#.#.#
..#########'###Hh.@k.......
..............######.......
................... .......
................... .......
................... .......
................... .......
###############.... ......#
..## #.....# .#


You could see Kirke, 2 lindwurms and 2 harpies.

Action                   |  1- 3 |  4- 6 |  7- 9 | 10-12 | 13-15 || total
-------------------------+-------+-------+-------+-------+-------++-------
Melee: Falchion          |    81 |    11 |    15 |       |       ||   107
       Headbutt          |    16 |    45 |   122 |   214 |   413 ||   810
       Dagger            |       |   132 |   277 |    66 |       ||   475
       Scimitar          |       |       |       |   460 |   296 ||   756
       Great sword       |       |       |       |       |   940 ||   940
       Unarmed           |       |       |       |       |     7 ||     7
Invok: Slouch            |       |       |       |     1 |     5 ||     6
Evoke: Wand              |       |       |       |     1 |     2 ||     3
  Use: Scroll            |       |       |     7 |     9 |    17 ||    33
       Potion            |       |       |       |       |     1 ||     1
 Stab: Sleeping          |     1 |       |       |       |       ||     1
       Confused          |       |       |       |       |     1 ||     1
  Eat: Chunk             |     1 |     4 |     8 |    11 |    19 ||    43
       Royal jelly       |       |       |       |     1 |       ||     1
       Beef jerky        |       |       |       |       |     2 ||     2
Armor: Robe              |     2 |       |       |       |       ||     2
       Chain mail        |    23 |    75 |   123 |    28 |       ||   249
       Plate armour      |       |       |       |   170 |   544 ||   714
Dodge: Dodged            |    47 |    85 |   121 |   300 |  1265 ||  1818
Block: Other             |       |       |    26 |    45 |   168 ||   239
       Reflection        |       |       |     2 |     3 |    13 ||    18

Notes
Turn   | Place    | Note
--------------------------------------------------------------
     0 | D:1      | Duffy the Minotaur Monk began the quest for the Orb.
     0 | D:1      | Reached XP level 1. HP: 19/19 MP: 0/0
    61 | D:1      | Reached skill level 4 in Long Blades
    78 | D:1      | Reached XP level 2. HP: 20/26 MP: 1/1
   572 | D:1      | Reached skill level 5 in Long Blades
   764 | D:1      | Reached XP level 3. HP: 31/31 MP: 2/2
  1059 | D:2      | Found a snail-covered altar of Cheibriados.
  1063 | D:2      | Became a worshipper of Cheibriados the Contemplative
  1063 | D:2      | Reached * piety under Cheibriados
  1063 | D:2      | Reached ** piety under Cheibriados
  1324 | D:2      | Found a white marble altar of Elyvilon.
  1512 | D:2      | Reached XP level 4. HP: 40/40 MP: 3/3
  1941 | D:2      | Reached skill level 6 in Long Blades
  2154 | D:2      | Found a shattered altar of Ashenzari.
  2159 | D:2      | Found a deep blue altar of Sif Muna.
  2162 | D:2      | Found a hide-covered altar of Uskayaw.
  2263 | D:3      | Reached skill level 4 in Fighting
  2356 | D:3      | Reached skill level 1 in Armour
  2428 | D:3      | Found a sacrificial altar of Ru.
  2597 | D:3      | Reached *** piety under Cheibriados
  2656 | D:3      | Reached XP level 5. HP: 40/46 MP: 4/4
  2674 | D:3      | Noticed Robin
  2683 | D:3      | Killed Robin
  2849 | D:3      | Noticed Ijyb
  2856 | D:3      | Reached skill level 2 in Armour
  2859 | D:3      | Killed Ijyb
  3197 | D:4      | Reached **** piety under Cheibriados
  3401 | D:4      | Reached XP level 6. HP: 53/53 MP: 5/5
  3459 | D:4      | Found an iron altar of Okawaru.
  3533 | D:4      | Reached skill level 3 in Armour
  3603 | D:4      | Reached skill level 5 in Fighting
  3603 | D:4      | Reached skill level 7 in Long Blades
  3681 | D:4      | Reached skill level 1 in Invocations
  3900 | D:4      | Noticed Natasha
  3914 | D:4      | Killed Natasha
  3914 | D:4      | Reached skill level 2 in Invocations
  3914 | D:4      | Reached XP level 7. HP: 31/61 MP: 5/7
  3946 | D:4      | Found a shadowy altar of Dithmenos.
  4109 | D:4      | Noticed Natasha
  4110 | D:4      | Killed Natasha
  4142 | D:4      | Noticed Natasha
  4144 | D:4      | Killed Natasha
  4231 | D:3      | Found a shadowy altar of Dithmenos.
  4237 | D:3      | Reached ***** piety under Cheibriados
  4237 | D:3      | Reached skill level 6 in Fighting
  4383 | D:4      | Noticed Crazy Yiuf
  4390 | D:4      | Killed Crazy Yiuf
  4491 | D:4      | Reached skill level 3 in Invocations
  4533 | D:5      | Entered Level 5 of the Dungeon
  4702 | D:5      | Reached skill level 8 in Long Blades
  4713 | D:5      | Found a staircase to the Ecumenical Temple.
  5711 | D:6      | Reached XP level 8. HP: 70/71 MP: 9/9
  5820 | D:6      | Reached skill level 4 in Invocations
  5865 | D:6      | Reached skill level 9 in Long Blades
  5892 | D:6      | Reached skill level 5 in Invocations
  6711 | D:7      | Reached skill level 10 in Long Blades
  6829 | D:7      | Reached skill level 6 in Invocations
  6956 | D:7      | Reached XP level 9. HP: 73/78 MP: 12/12
  7028 | D:7      | Found a radiant altar of Vehumet.
  7145 | D:7      | Reached ****** piety under Cheibriados
  7371 | D:7      | Reached skill level 7 in Invocations
  7678 | D:7      | Reached skill level 11 in Long Blades
  8108 | D:8      | Noticed tstbtto's ghost (novice HOFi)
  8125 | D:8      | Killed tstbtto's ghost
  8125 | D:8      | Reached skill level 12 in Long Blades
  8125 | D:8      | Reached skill level 8 in Invocations
  8377 | D:8      | Found a glowing golden altar of the Shining One.
  8448 | D:8      | Reached XP level 10. HP: 74/84 MP: 15/15
  8453 | D:8      | Reached skill level 7 in Fighting
  8467 | D:8      | Reached skill level 4 in Dodging
  8470 | D:8      | Reached skill level 4 in Armour
  9430 | D:8      | Noticed Erica
  9444 | D:8      | Killed Erica
  9444 | D:8      | Reached skill level 5 in Armour
  9444 | D:8      | Reached skill level 5 in Dodging
  9928 | D:9      | Reached skill level 8 in Fighting
  9935 | D:9      | Found a hide-covered altar of Uskayaw.
 10204 | D:9      | Found a sacrificial altar of Ru.
 10668 | D:10     | Entered Level 10 of the Dungeon
 10673 | D:10     | Reached skill level 6 in Armour
 10676 | D:10     | Reached skill level 13 in Long Blades
 10892 | D:10     | Reached skill level 6 in Dodging
 10909 | D:10     | Reached XP level 11. HP: 95/95 MP: 4/16
 11150 | D:10     | Killed an unseen horror
 11150 | D:10     | Reached skill level 9 in Fighting
 11399 | D:10     | Reached skill level 14 in Long Blades
 11697 | D:11     | Noticed inmateoo's ghost (journeyman GrFi)
 11719 | D:11     | Killed inmateoo's ghost
 11719 | D:11     | Reached skill level 7 in Armour
 11752 | D:11     | Reached skill level 7 in Dodging
 11898 | D:11     | Reached skill level 9 in Invocations
 12006 | D:11     | Found a staircase to the Lair.
 12021 | D:11     | Noticed Sonja
 12022 | D:11     | Killed Sonja
 12092 | D:11     | Reached skill level 8 in Armour
 12120 | D:11     | Found a staircase to the Orcish Mines.
 12219 | D:11     | Noticed Erolcha
 12225 | D:11     | Killed Erolcha
 12225 | D:11     | Reached skill level 8 in Dodging
 12591 | Lair:1   | Entered Level 1 of the Lair of Beasts
 12630 | Lair:1   | Reached skill level 9 in Armour
 12728 | D:11     | Noticed a hill giant
 12734 | D:11     | Killed a hill giant
 12748 | D:10     | Noticed a centaur warrior
 12756 | D:10     | Killed a centaur warrior
 12756 | D:10     | Reached XP level 12. HP: 57/104 MP: 17/17
 12986 | D:7      | Reached skill level 9 in Dodging
 14194 | Lair:2   | Noticed a five-headed hydra
 14199 | Lair:2   | Killed a three-headed hydra
 14429 | Lair:2   | Reached skill level 10 in Fighting
 14438 | Lair:2   | Reached skill level 10 in Armour
 14464 | Lair:2   | Noticed a five-headed hydra
 14470 | Lair:2   | Killed a three-headed hydra
 14669 | Lair:2   | Noticed Nergalle
 14676 | Lair:2   | Killed Nergalle
 14676 | Lair:2   | Reached skill level 10 in Dodging
 14788 | Lair:2   | Noticed a seven-headed hydra
 14794 | Lair:2   | Killed a four-headed hydra
 14907 | Lair:2   | Reached skill level 10 in Invocations
 15224 | Lair:3   | Reached skill level 1 in Evocations
 15273 | Lair:3   | Reached skill level 2 in Evocations
 15285 | Lair:3   | Reached skill level 3 in Evocations
 15426 | Lair:3   | Reached skill level 4 in Evocations
 15588 | Lair:3   | Noticed a four-headed hydra
 15595 | Lair:3   | Killed a one-headed hydra
 15607 | Lair:3   | Reached skill level 5 in Evocations
 15745 | Lair:3   | Noticed an eight-headed hydra
 15751 | Lair:3   | Killed a six-headed hydra
 15751 | Lair:3   | Reached skill level 6 in Evocations
 15751 | Lair:3   | Reached XP level 13. HP: 103/113 MP: 19/19
 16014 | Lair:3   | Found a staircase to the Swamp.
 16372 | Lair:3   | Reached skill level 7 in Evocations
 17264 | Lair:4   | Noticed Rupert
 17270 | Lair:4   | Paralysed by Rupert for 7 turns
 17959 | Lair:5   | Reached skill level 11 in Dodging
 17967 | Lair:5   | Reached skill level 11 in Fighting
 19104 | Lair:6   | Entered Level 6 of the Lair of Beasts
 19233 | Lair:6   | Reached skill level 12 in Dodging
 19425 | Lair:6   | Reached skill level 15 in Long Blades
 19430 | Lair:6   | Reached XP level 14. HP: 104/124 MP: 20/20
 19631 | Lair:6   | Reached skill level 12 in Fighting
 20411 | Lair:6   | Reached skill level 16 in Long Blades
 20455 | Lair:6   | Reached skill level 13 in Fighting
 20738 | Lair:6   | Found a viscous altar of Jiyva.
 20738 | Lair:6   | Found a staircase to the Slime Pits.
 20859 | Lair:4   | Killed Rupert
 21054 | Lair:4   | Found a hole to the Spider Nest.
 21826 | D:12     | Reached skill level 14 in Fighting
 22319 | D:12     | Found a bloodstained altar of Trog.
 22473 | D:13     | Reached skill level 17 in Long Blades
 22980 | D:13     | Reached XP level 15. HP: 129/139 MP: 21/21
 23539 | Orc:1    | Entered Level 1 of the Orcish Mines
 23548 | Orc:1    | Noticed Gruesome's ghost (journeyman FoFi)
 23563 | Orc:1    | Killed Gruesome's ghost
 23572 | Orc:1    | Found Osookuj's Magic Scroll Emporium.
 23614 | Orc:2    | Entered Level 2 of the Orcish Mines
 23775 | Orc:2    | Found Xiaho's Book Shoppe.
 23795 | Orc:2    | Found a radiant altar of Vehumet.
 23800 | Orc:2    | Reached skill level 15 in Fighting
 23802 | Orc:2    | Paralysed by an orc sorcerer for 2 turns
 23839 | Orc:2    | Found an ancient bone altar of Kikubaaqudgha.
 23912 | Orc:2    | Found a roughly hewn altar of Beogh.
 23912 | Orc:2    | Found Myoffeck's Antique Weapon Shoppe.
 23921 | Orc:2    | Found Sast's Antique Weapon Emporium.
 23938 | Orc:2    | Found Zeurghiext's Distillery.
 24069 | Orc:2    | Found a staircase to the Elven Halls.
 25142 | Orc:1    | Found a roughly hewn altar of Beogh.
 25366 | Orc:1    | Bought a scroll of identify for 36 gold pieces
 25366 | Orc:1    | Bought a scroll of identify for 36 gold pieces
 25366 | Orc:1    | Bought 3 scrolls of enchant armour for 405 gold pieces
 25366 | Orc:1    | Bought a scroll of summoning for 171 gold pieces
 25366 | Orc:1    | Bought a scroll of summoning for 171 gold pieces
 25366 | Orc:1    | Bought a scroll of recharging for 171 gold pieces
 25432 | Orc:2    | Bought 2 potions of invisibility for 256 gold pieces
 25432 | Orc:2    | Bought a potion of flight for 48 gold pieces
 25432 | Orc:2    | Bought a potion of curing for 48 gold pieces
 25457 | Orc:2    | Bought a glowing great sword for 208 gold pieces
 25590 | D:12     | Reached skill level 18 in Long Blades
 25672 | D:14     | Identified the Guide on Quantum Lightness (You found it on level 14 of the Dungeon)
 25800 | D:14     | Reached skill level 16 in Fighting
 25832 | D:14     | Found a gate to the Vaults.
 26066 | D:14     | Found a blossoming altar of Fedhas.
 26089 | D:14     | Found an oddly glowing altar of Pakellas.
 26560 | D:15     | Entered Level 15 of the Dungeon
 26936 | D:15     | Found a white marble altar of Elyvilon.
 26941 | D:15     | Noticed Kirke
 26945 | D:15     | Reached skill level 11 in Armour
 26957 | D:15     | Slain by a lindwurm

Skill      XL: |  1  2  3  4  5  6  7  8  9 10 11 12 13 14 15 |
---------------+----------------------------------------------+-----
Long Blades    | 4 5 6 7 8 10 12 13 14 15 17 18 | 18.0
Fighting       | 4 5 6 8 9 10 11 14 16 | 16.5
Armour         | 1 2 3 6 9 10 11 | 11.0
Invocations    | 2 3 6 8 9 10 | 10.0
Dodging        | 6 8 10 12 | 12.6
Evocations     | 6 7 |  7.0
Stealth        | |  1.5

Vault maps used:
D:1:      erik_arrival_gehennom
D:2:      lemuel_crystal_altar, grunt_temple_overflow_diamond, first_bread,
          corexii_leaking_fountain, cheibriados_altar_1
D:3:      lemuel_upstairs_altar, lemuel_round_altar, uniq_iyjb, uniq_robin
D:4:      nicolae_dithmenos_the_darkroom, overflow_temple_1_default,
          uniq_natasha, uniq_crazy_yiuf_cottage
D:5:      minmay_temple_entry_nine_rooms, minmay_liquid_box, grunt_decor_cap,
          mrwooster_statue_mirror, lightli_corner_chamber
D:6:      st_stairs_4
D:7:      lemuel_ratsnest, nicolae_overflow_crystal_walls, grunt_livestock
D:8:      marbit_many_paths, uniq_erica
D:9:      basic_altar, nicolae_ru_sacrificial_ziggurat
D:10:     minmay_gold_behind_fungi, serial_bayou_pond_d, hangedman_decor_growths
D:11:     lair_0_dummy, david_orc_1_choice, uniq_sonja, uniq_erolcha
D:12:     trog_ov_bears_minmay
D:14:     hangedman_vaults_entry_quadrant_bands, fedhas_altar_1,
          johnstein_pakellas_death_squad
D:15:     gammafunk_enter_depths_forms, serial_shops, shop, elyvilon_altar_5,
          kennysheep_flooded_box, uniq_kirke
Lair:2:   grunt_megastairs_4, infiniplex_staircase_pool, uniq_nergalle
Lair:3:   nicolae_swamp_entry_splash_gauntlet, grunt_megastairs_3
Lair:4:   nicolae_spider_entry_tight_spaces, kennysheep_basilisk_garden,
          uniq_rupert
Lair:5:   kennysheep_abandoned_house, zaba_anthell
Lair:6:   guppyfry_lair_end_dragon, hangedman_lair_caniforms_friends,
          dpeg_slime_entry_enclosed_altar, st_stairs_11
Orc:1:    basic_altar, serial_shops, shop
Orc:2:    kennysheep_orc_mage_school, nicolae_orc_rich_vein

Vanquished Creatures
  Rupert
  An ettin
  A fire dragon
  The ghost of Gruesome the Formicid Aeon, a journeyman FoFi of Cheibriados
  The ghost of inmateoo the Basher, a journeyman GrFi of Uskayaw
  7 hydras
  A catoblepas
  4 centaur warriors
  2 ogre magi Erolcha Erica
  3 tengu warriors
  A queen ant
  6 death yaks Sonja Nergalle
  A deep elf knight
  The ghost of tstbtto the Cleaver, a novice HOFi of Hepliaklqana
  An unseen horror
  4 hill giants
  3 orc knights
  8 orc sorcerers
  A griffon
  3 deep elf magi
  2 manticores
  2 cyclopes
  4 elephants
  A centaur zombie
  A torpor snail
  4 black mambas
  9 spiny frogs
  A gargoyle
  4 kobold demonologists
  7 komodo dragons
  An efreet
  5 rime drakes
  A tengu conjurer
  3 meliai
  13 trolls
  12 polar bears
  2 jumping spiders
  3 two-headed ogres
  11 blink frogs
  13 slime creatures
  3 raiju
  5 redbacks
  4 wyverns
  53 yaks
  A vampire
  4 hogs
  5 basilisks
  4 steam dragons
  3 wraiths
  A human
  10 vampire mosquitoes
  A hungry ghost
  8 hippogriffs
  10 wargs
  6 swamp worms
  4 mottled dragons
  23 water moccasins
  5 hell hounds
  15 soldier ants
  7 porcupines
  5 ice beasts
  4 sky beasts
  3 eyes of draining
  13 black bears
  A necrophage
  20 orc warriors
  2 phantoms
  A boggart
  2 wasps
  17 ogres
  15 wolves
  6 centaurs
  18 crocodiles
  4 big kobolds
  25 giant frogs
  A water moccasin zombie
  4 scorpions
  A water moccasin skeleton
  A wyvern skeleton
  10 killer bees
  4 wights
  2 electric eels
  7 jellies
  4 howler monkeys
  7 crimson imps
  19 hounds
  2 quasits
  A wasp zombie
  17 orc priests Crazy Yiuf
  39 orc wizards
  4 centaur skeletons
  3 giant frog skeletons
  Ijyb Natasha (thrice)
  13 iguanas
  4 hell rats
  54 worker ants
  13 sheep
  A killer bee zombie
  2 hound skeletons
  A hound zombie Robin
  11 gnolls
  A howler monkey skeleton
  11 adders
  59 river rats
  3 shadow imps
  3 oozes
  An adder skeleton
  3 worms
  4 dart slugs
  9 giant geckos
  70 orcs
  A ball python
  9 bats
  7 giant cockroaches
  17 goblins
  10 hobgoblins
  16 jackals
  4 quokkas
  5 giant newts
  28 kobolds
  35 rats
  A bush
  27 fungi
  32 plants
1049 creatures vanquished.
